 Dungeon Crawl Stone Soup version 0.18-a0-1575-g920359c (webtiles) character file.

6481 HandofTrog the Spear-Bearer (level 10, -8/77 HPs)
             Began as a Demonspawn Wanderer on Mar 16, 2016.
             Was an Elder of Makhleb.
             Mangled by a skeletal warrior
             ... wielding a +0 flail
              (20 damage)
             ... on level 10 of the Dungeon on Mar 17, 2016.
             The game lasted 00:40:25 (10676 turns).

HandofTrog the Spear-Bearer (Demonspawn Wanderer)  Turns: 10676, Time: 00:40:25

Health: -8/77      AC: 14    Str: 15    XL:     10   Next: 68%
Magic:  10/10      EV: 15    Int: 14    God:    Makhleb [****..]
Gold:   574        SH:  0    Dex: 13    Spells: 0 memorised, 9 levels left

rFire  . . .     SeeInvis +     f - +1 trident (freeze)
rCold  . . .     Gourm    .     s - +3 ring mail
rNeg   . . .     Faith    .     (no shield)
rPois  .         Spirit   .     (helmet restricted)
rElec  .         Dismiss  +     G - +0 cloak
rCorr  .         Reflect  .     i - +2 pair of gloves
SustAt .         Harm     .     (no boots)
MR     .....                    h - amulet of dismissal
Stlth  ++........               x - +1 ring of protection
                                z - ring of see invisible

@: very slightly contaminated, invisible, not resistant to hostile enchantments,
unstealthy
A: horns 2, repulsion field 2, demonic guardian 1, powered by death 1
a: Minor Destruction, Lesser Servant of Makhleb, Major Destruction, Renounce
Religion


You were on level 10 of the Dungeon.
You worshipped Makhleb.
Makhleb was greatly pleased with you.
You were hungry.

You visited 1 branch of the dungeon, and saw 10 of its levels.

You collected 574 gold pieces.

Inventory:

Hand Weapons
 f - a +1 trident of freezing (weapon)
 P - the +0 hand axe "Yxkeirph" {flame, rN++}
   (You found it on level 6 of the Dungeon)

   It has been specially enchanted to burn those struck by it, causing extra
   injury to most foes and up to half again as much damage against particularly
   susceptible opponents.
   Big, fiery blades are also staple armaments of hydra-hunters.
   It greatly protects you from negative energy.
Missiles
 p - 11 tomahawks (quivered)
Armour
 i - a +2 pair of gloves (worn)
 s - a +3 ring mail (worn)
 D - a +0 shield
 G - a +0 cloak (worn)
 U - a cursed +0 plate armour
Jewellery
 h - an amulet of dismissal (around neck)
 x - a +1 ring of protection (right hand)
 y - an uncursed ring of ice
 z - a ring of see invisible (left hand)
 A - a +4 ring of intelligence
 F - an uncursed ring of sustain attributes
Wands
 B - a wand of paralysis (12/24)
 K - a wand of acid (8/15)
 V - a wand of confusion (26/48)
 X - a wand of disintegration (10/24)
Scrolls
 b - 4 scrolls of enchant armour {unknown}
 c - 3 scrolls of teleportation
 e - a scroll of brand weapon {unknown}
 g - 3 scrolls of magic mapping {unknown}
 k - a scroll of immolation {unknown}
 q - 5 scrolls of remove curse
 H - a scroll of recharging {unknown}
 I - a scroll of amnesia {unknown}
 M - 2 scrolls of acquirement {unknown}
 O - a scroll of enchant weapon {unknown}
 Q - a scroll of fog {unknown}
 R - a scroll of silence {unknown}
 S - a scroll of blinking {unknown}
Potions
 a - a potion of cancellation {unknown}
 m - 3 potions of might
 r - a potion of resistance
 t - 2 potions of magic
 v - a potion of ambrosia
 w - 3 potions of flight
 C - a potion of berserk rage
 J - a potion of beneficial mutation {unknown}
 T - a potion of haste {unknown}
 W - 2 potions of curing
 Y - a potion of degeneration {unknown}
Books
 l - a book of Air

   Spells                             Type                      Level
   a - Shock                          Conjuration/Air              1
   b - Swiftness                      Charms/Air                   2
   c - Repel Missiles                 Charms/Air                   2
   d - Static Discharge               Conjuration/Air              3
   e - Lightning Bolt                 Conjuration/Air              5
Comestibles
 d - 9 royal jellies
 j - 8 beef jerkies
 n - 6 meat rations
 o - 2 slices of pizza
 E - 7 bread rations
 L - 3 chunks of flesh


   Skills:
 - Level 6.6 Fighting
 + Level 12.2 Polearms
 - Level 5.0 Armour
 - Level 3.1 Dodging
 - Level 3.0 Stealth
 - Level 1.0 Unarmed Combat
 - Level 1.0 Evocations


You had 9 spell levels left.
You didn't know any spells.

Dungeon Overview and Level Annotations

Branches:
Dungeon (10/15)            Temple (0/1) D:5            Lair (0/8) D:10
    Orc: D:9-12

Altars:
Ashenzari
Cheibriados
Dithmenos
Elyvilon
Kikubaaqudgha
Makhleb
Ru
Sif Muna
Vehumet
Xom
Yredelemnul
Zin
The Shining One

Annotations:
D:6 2 runed doors


Innate Abilities, Weirdness & Mutations

You have a pair of horns on your head.
You are surrounded by a moderate repulsion field (EV +3).
A weak demonic guardian rushes to your aid.
You regenerate a little health from kills.


Message History

The skeletal warrior is moderately damaged.
The skeletal warrior hits you with a mace.
You hit the skeletal warrior. You freeze the skeletal warrior.
The skeletal warrior is moderately damaged.
The skeletal warrior hits you with a flail!!
You are feeling hungry.
You hit the skeletal warrior but do no damage.
The skeletal warrior is moderately damaged.
The skeletal warrior hits you with a mace!
* * * LOW HITPOINT WARNING * * *
The skeletal warrior hits you with a flail.
* * * LOW HITPOINT WARNING * * *
The skeletal warrior hits your ufetubus with a mace!!
Your ufetubus dies!
Drink which item? (? for menu, Esc to quit)
You fade into invisibility!
You are very lightly contaminated with residual magic.
Something unseen opens the door.
The skeletal warrior hits you with a flail!!
You die...

....+ #..#.....# ....#
#.<#.....# ....#
#..#..>..##### ....#
#..#.....#...#
....#####..#.....'...#
...##..##..#.....#...+
...'.......#...z.###+#..
...#.......##'##z.......
...#..###..##z.#@.......
.###..###..##..'........
.#....#....##'##......#+
.#....#....#......##'##
.###..######......# .#
...#..#......<....' #
...#..#...........#
...+..#.....#######
...#'##.....#


You could see 2 skeletal warriors.

Vanquished Creatures
  Erica (D:8)
  A hill giant (D:10)
  A two-headed ogre (D:3)
  A hippogriff (D:9)
  A human (D:7)
  A hungry ghost (D:6)
  Menkaure (D:7)
  2 soldier ants (D:9)
  2 sky beasts
  4 orc warriors
  A black bear (D:6)
  3 ice beasts
  A wasp (D:9)
  2 phantoms
  2 ogres (D:7)
  3 centaurs
  4 giant frogs
  2 scorpions
  3 wights (D:9)
  3 howler monkeys
  8 crimson imps
  A giant frog zombie (D:7)
  4 hounds
  4 orc priests
  A giant frog skeleton (D:4)
  An iguana (D:6)
  9 orc wizards
  7 worker ants
  The ghost of namnharef the Ruffian, a weakling FoMo (D:3)
  A hound zombie (D:6)
  A worker ant zombie (D:6)
  9 gnolls
  15 adders
  An ooze (D:3)
  3 adder skeletons
  2 worms
  2 dart slugs
  4 giant geckos
  30 orcs
  4 giant cockroaches
  8 goblins
  7 hobgoblins
  14 jackals
  8 kobolds
  2 quokkas
  A ball python (D:1)
  11 bats
  A giant cockroach zombie (D:5)
  10 giant newts
  2 jackal skeletons
  A quokka zombie (D:9)
  9 rats
221 creatures vanquished.

Vanquished Creatures (collateral kills)
  Fannar (D:10)
  A two-headed ogre (D:9)
  A water moccasin (D:6)
  A wight (D:9)
  A crimson imp (D:8)
  An orc priest (D:10)
  An orc wizard (D:8)
  3 orcs
10 creatures vanquished.

Vanquished Creatures (others)
  An adder skeleton (D:6)
1 creature vanquished.

Grand Total: 232 creatures vanquished

Notes
Turn   | Place    | Note
--------------------------------------------------------------
     0 | D:1      | HandofTrog the Demonspawn Wanderer began the quest for the Orb.
     0 | D:1      | HandofTrog set off with: a +2 leather armour, a potion of curing, a scroll of teleportation, a +0 club, a +0 dagger, a bread ration
     0 | D:1      | Reached XP level 1. HP: 16/16 MP: 1/1
   543 | D:1      | Gained mutation: You are surrounded by a mild repulsion field (EV +2). [demonic ancestry]
   543 | D:1      | Reached XP level 2. HP: 15/22 MP: 2/2
  1451 | D:1      | Reached XP level 3. HP: 17/28 MP: 3/3
  1668 | D:2      | Found a shattered altar of Ashenzari.
  2545 | D:2      | Gained mutation: You have a pair of small horns on your head. [demonic ancestry]
  2545 | D:2      | Reached XP level 4. HP: 32/37 MP: 4/4
  3758 | D:3      | Noticed namnharef's ghost (weakling FoMo)
  3779 | D:3      | Killed namnharef's ghost
  3779 | D:3      | Reached XP level 5. HP: 27/43 MP: 5/5
  3924 | D:3      | Found a glowing silver altar of Zin.
  4077 | D:3      | Reached skill level 5 in Fighting
  4452 | D:3      | Found a burning altar of Makhleb.
  4472 | D:3      | Became a worshipper of Makhleb the Destroyer
  4674 | D:3      | Noticed a two-headed ogre
  5005 | D:4      | Noticed a phantom
  5041 | D:4      | Killed a phantom
  5041 | D:4      | Gained mutation: You regenerate a little health from kills. [demonic ancestry]
  5041 | D:4      | Reached XP level 6. HP: 37/52 MP: 6/6
  5466 | D:3      | Killed a two-headed ogre
  5466 | D:3      | Reached skill level 2 in Polearms
  5466 | D:3      | Reached skill level 1 in Armour
  5466 | D:3      | Gained mutation: You are surrounded by a moderate repulsion field (EV +3). [demonic ancestry]
  5466 | D:3      | Reached XP level 7. HP: 42/59 MP: 7/7
  5567 | D:3      | Reached * piety under Makhleb
  5713 | D:3      | Found an ancient bone altar of Kikubaaqudgha.
  5784 | D:4      | Reached skill level 3 in Polearms
  5963 | D:4      | Found a shimmering altar of Xom.
  6077 | D:4      | Reached skill level 4 in Polearms
  6380 | D:5      | Entered Level 5 of the Dungeon
  6439 | D:5      | Found a staircase to the Ecumenical Temple.
  6501 | D:5      | Gained mutation: A weak demonic guardian rushes to your aid. [demonic ancestry]
  6501 | D:5      | Reached XP level 8. HP: 65/65 MP: 8/8
  6656 | D:5      | Found a sacrificial altar of Ru.
  6665 | D:5      | Reached ** piety under Makhleb
  6811 | D:5      | Found a snail-covered altar of Cheibriados.
  6837 | D:5      | Reached skill level 5 in Polearms
  7005 | D:6      | Found a white marble altar of Elyvilon.
  7043 | D:6      | Found a deep blue altar of Sif Muna.
  7157 | D:6      | Found a large runed door.
  7157 | D:6      | Found a large runed door.
  7225 | D:6      | Reached skill level 6 in Polearms
  7374 | D:6      | Found a large runed door.
  7374 | D:6      | Found a large runed door.
  7597 | D:6      | Reached skill level 7 in Polearms
  7638 | D:6      | Gained mutation: You have a pair of horns on your head. [demonic ancestry]
  7638 | D:6      | Reached XP level 9. HP: 71/71 MP: 9/9
  7669 | D:6      | Found a radiant altar of Vehumet.
  7787 | D:6      | Found a shadowy altar of Dithmenos.
  7864 | D:6      | Got an encrusted hand axe
  7865 | D:6      | Identified the cursed +0 hand axe "Yxkeirph" {flame, rN++} (You found it on level 6 of the Dungeon)
  7889 | D:7      | Reached skill level 5 in Armour
  8031 | D:7      | Found a runed door.
  8039 | D:7      | Reached *** piety under Makhleb
  8254 | D:7      | Reached skill level 8 in Polearms
  8293 | D:7      | Noticed Menkaure
  8300 | D:7      | Killed Menkaure
  8765 | D:7      | Found a basalt altar of Yredelemnul.
  8775 | D:7      | Reached skill level 9 in Polearms
  9140 | D:8      | Found a glowing golden altar of the Shining One.
  9241 | D:8      | Noticed Erica
  9262 | D:8      | Killed Erica
  9262 | D:8      | Reached skill level 10 in Polearms
  9314 | D:8      | Reached XP level 10. HP: 69/77 MP: 10/10
  9856 | D:9      | Reached **** piety under Makhleb
  9983 | D:9      | Reached skill level 11 in Polearms
 10450 | D:10     | Entered Level 10 of the Dungeon
 10556 | D:10     | Found a staircase to the Lair.
 10572 | D:10     | Noticed a hill giant
 10582 | D:10     | Killed a hill giant
 10601 | D:10     | Noticed Fannar
 10631 | D:10     | Killed Fannar
 10631 | D:10     | Reached skill level 12 in Polearms
 10664 | D:10     | Noticed a skeletal warrior
 10664 | D:10     | Noticed a skeletal warrior
 10665 | D:10     | Noticed a skeletal warrior
 10676 | D:10     | Mangled by a skeletal warrior

Vault maps used:
D:1:      dpeg_arrival_renting
D:2:      nicolae_ashenzari_panopticon, st_stairs_10
D:3:      overflow_temple_1_default, lemuel_doored_altar, makhleb_grotto_becter
D:4:      xom_teletrap_fun, st_stairs_12, kennysheep_dice
D:5:      nicolae_overflow_crystal_walls, nicolae_ru_great_annihilating_truth,
          minmay_temple_entry_trees, first_bread
D:6:      lemuel_coloured_pillars_altar, lemuel_round_altar, elyvilon_altar_4,
          vehumet_crystals, minivault_26, minmay_hollow_rounded_squares
D:7:      nicolae_whirlpool, minmay_crystal_water, corexii_leaking_fountain,
          dk_yredelemnul_ordeal, uniq_menkaure
D:8:      lemuel_crystal_altar, uniq_erica
D:9:      hangedman_pestilent_swarm
D:10:     dpeg_oklobed_lair, uniq_fannar

Skill      XL: |  1  2  3  4  5  6  7  8  9 10 |
---------------+-------------------------------+-----
Dodging        | 3 |  3.1
Stealth        | 3 |  3.0
Fighting       | 3 4 6 |  6.6
Polearms       | 2 4 7 10 12 | 12.2
Armour         | 1 3 4 5 |  5.0
Unarmed Combat | |  1.0
Evocations     | |  1.0

Action                   |  1- 3 |  4- 6 |  7- 9 | 10-12 || total
-------------------------+-------+-------+-------+-------++-------
Melee: Club              |   261 |   188 |       |       ||   449
       Trident           |       |    95 |   456 |   212 ||   763
Throw: Tomahawk          |     2 |     9 |     7 |       ||    18
  Use: Potion            |       |     2 |     1 |     1 ||     4
       Scroll            |       |       |    10 |       ||    10
 Stab: Sleeping          |     2 |     1 |    11 |     3 ||    17
       Distracted        |       |       |     1 |     2 ||     3
  Eat: Chunk             |     4 |     6 |    12 |     5 ||    27
       Beef jerky        |     1 |       |     1 |       ||     2
       Bread ration      |       |     1 |       |       ||     1
